 Dungeon Crawl Stone Soup version 0.31-a0-175-g9f7f995f2b (webtiles) character file.

Game seed: 14117844599112415420

81 Maxmaps the Shooter (level 4, 0/33 HPs)
             Began as a Formicid Hunter on June 17, 2023.
             Slain by an orc wizard
             ... wielding a +0 dagger
              (3 damage)
             ... on level 3 of the Dungeon.
             The game lasted 00:01:23 (1415 turns).

Maxmaps the Shooter (Formicid Hunter)               Turns: 1415, Time: 00:01:23

Health: 0/33       AC:  3    Str: 14 (15) XL:     4   Next: 68%
Magic:  4/4        EV: 12    Int:  7 (9)  God:
Gold:   73         SH:  0    Dex: 18 (19) Spells: 3/3 levels left

rFire   . . .        a - +0 shortbow
rCold   . . .        (no shield)
rNeg    . . .        c - +0 leather armour
rPois   .            (helmet unavailable)
rElec   .            (no cloak)
rCorr   +            (no gloves)
SInv    +            (no boots)
Will    .....        (no amulet)
Stlth   +            i - ring of resist corrosion
HPRegen 0.25/turn    (no ring)
MPRegen 0.09/turn

%: no passive effects
@: confused, attractive
A: permanent stasis, dig shafts and tunnels, antennae 3, four strong arms, high
MP 1, no potion heal 1
a: Dig, Shaft Self


You were on level 3 of the Dungeon.
You visited 1 branch of the dungeon, and saw 3 of its levels.

You collected 73 gold pieces.

Inventory:

Hand Weapons
 a - a +0 shortbow (weapon)
Armour
 c - a +0 leather armour (worn)
Jewellery
 i - a ring of resist corrosion (left hand)
Scrolls
 b - a scroll of butterflies
 f - a scroll of blinking {unknown}
 h - 2 scrolls of identify {unknown}


   Skills:
 - Level 2.1 Fighting
 + Level 5.7 Ranged Weapons
 - Level 1.7 Dodging
 - Level 1.2 Stealth


You had 3 spell levels left.
You didn't know any spells.
Your spell library contained the following spells:

 Spells                   Type           Power      Damage    Failure   Level
 Malign Gateway           Summ/Tloc      0%         N/A       100%        7
 Summon Horrible Things   Summ           0%         N/A       100%        8


Dungeon Overview and Level Annotations

Branches:
Dungeon (3/15)

Altars:


Innate Abilities, Weirdness & Mutations

You cannot be hasted, slowed, berserked, paralysed or teleported.
You can dig through walls and to a lower floor.
You have a pair of large antennae on your head. (SInv)
Your four strong arms can wield two-handed weapons with a shield.
You have an increased reservoir of magic. (+10% MP)
Potions are less effective at restoring your health.


Message History

The orc priest is moderately wounded.
The orc wizard hits you with a +0 dagger.
* * * LOW HITPOINT WARNING * * *
The orc priest miscasts a cantrip.
Fire: a) +0 shortbow
Press: ? - help, Shift-Dir - straight line, f/p - orc wizard
Aim: an orc wizard, wielding a +0 dagger and wearing a +0 robe (moderately wounded, slightly transparent, 58% to hit)
You shoot an arrow. The arrow hits the orc wizard!
The orc wizard is almost dead.
The orc wizard closely misses you.
The orc priest begins to cast a cantrip, but forgets the words!
Fire: a) +0 shortbow
Press: ? - help, Shift-Dir - straight line, f/p - orc wizard
Aim: an orc wizard, wielding a +0 dagger and wearing a +0 robe (almost dead, slightly transparent, 58% to hit)
You shoot an arrow. The arrow misses the orc wizard.
The arrow hits the orc priest.
The orc priest is severely wounded.
The orc wizard hits you but does no damage.
Fire: a) +0 shortbow
Press: ? - help, Shift-Dir - straight line, f/p - orc wizard
Aim: an orc wizard, wielding a +0 dagger and wearing a +0 robe (almost dead, slightly transparent, 58% to hit)
You shoot an arrow. The arrow barely misses the orc wizard.
The arrow hits the orc priest but does no damage.
The orc priest is severely wounded.
The orc wizard hits you with a +0 dagger.
* * * LOW HITPOINT WARNING * * *
Fire: a) +0 shortbow
Press: ? - help, Shift-Dir - straight line, f/p - orc wizard
Aim: an orc wizard, wielding a +0 dagger and wearing a +0 robe (severely wounded, slightly transparent, 58% to hit)
You shoot an arrow.
The arrow closely misses the orc wizard.
The arrow hits the orc priest.
The orc priest is severely wounded.
The orc priest invokes the aid of Beogh against you.
The orc wizard writhes in agony.
The orc wizard casts a spell at you.
You are confused.
You shoot an arrow.
The orc wizard hits you with a +0 dagger.
You die...

##.### #.
##.######## ......
#.# ###### #.#
##.## ##...##
##.###.## ## ###.##
##.# ###### ..
#...# #)# ...... #.
#@#.## ##.# ######
{#{#o##.###.######.
o#.o###...........
##.# ###.########
..# #.# )#.# #.#
.##.# #.# .# #.#
#.# #. #.# #..


You could see an orc priest and an orc wizard (invisible).

Vanquished Creatures
  2 adders (D:2)
  3 worms
  3 dart slugs (D:1)
  An orc (D:3)
  4 bats
  3 endoplasms
  3 giant cockroaches (D:1)
  7 hobgoblins
  4 jackals (D:1)
  3 ball pythons (D:1)
  3 frilled lizards
  3 goblins
  5 kobolds
  A rat (D:2)
45 creatures vanquished.

Notes
Turn   | Place    | Note
-------+----------+-------------------------------------------
     0 | D:1      | Maxmaps the Formicid Hunter began the quest for the Orb.
     0 | D:1      | Reached XP level 1. HP: 16/16 MP: 1/1
    41 | D:1      | Reached XP level 2. HP: 22/22 MP: 2/2
   119 | D:1      | Reached XP level 3. HP: 25/27 MP: 3/3
   321 | D:1      | Reached skill level 5 in Ranged Weapons
   839 | D:2      | Reached XP level 4. HP: 26/33 MP: 4/4
  1405 | D:3      | Gained mutation: You have an increased reservoir of magic.
                  | (+10% MP) [potion of mutation]
  1405 | D:3      | Gained mutation: Potions are less effective at restoring
                  | your health. [potion of mutation]
  1415 | D:3      | Slain by an orc wizard

Illustrated notes

Levels and vault maps discovered:
D:1:      psy_arrival_basics, layout_basic
D:2:      layout_rooms
D:3:      layout_loops_ring, hangedman_decor_points,
          chequers_serial_rivers_micro_b

Skill      XL: |  1  2  3 |
---------------+----------+-----
Ranged Weapons | 5 |  5.7
Fighting       | |  2.1
Dodging        | |  1.7
Stealth        | |  1.2

Action                     |  1- 3 |  4- 6 || total
---------------------------+-------+-------++-------
   Fire: Shortbow          |    89 |    77 ||   166
Ability: Dig               |       |     1 ||     1
    Use: Potion            |       |     4 ||     4
 Armour: Leather armour    |    16 |     9 ||    25
  Dodge: Dodged            |    21 |    16 ||    37

Table legend: (Time is in decaauts)
 A = Elapsed time spent in this place.
 B = Non-inter-level travel time spent in this place.
 C = Inter-level travel time spent in this place.
 D = Time resting spent in this place.
 E = Time spent auto-exploring this place.
 F = Levels seen in this place.
 G = Mean time per level.
                   A        B        C        D        E       F      G
               +--------+--------+--------+--------+--------+-----+--------+
         Total |   1442 |   1422 |     20 |      0 |   1140 |   3 |  480.7 |
       Dungeon |   1442 |   1422 |     20 |      0 |   1140 |   3 |  480.7 |
               +--------+--------+--------+--------+--------+-----+--------+

Top non-repeatable levels by time:
     D:2: 697 daAuts
     D:1: 586 daAuts
     D:3: 158 daAuts
